AoeStats
← RD | Omaradames

Socotra

506436651Analyzed
4v4 RM · 17d ago on Sep 13, 2026· 47m 10s· 8 players
Game mode
Random Map
Map size
148×148
Population
200
Speed
Normal
Resources
Standard
Victory
Conquest
Starting age
Dark Age
Ending age
Imperial Age
RankedLock teamsTeams togetherTeam positionsShared explorationLock speedFull tech treeHidden civsTurbo modeCheats
Victory
Defeat
🇩🇴 Tupi · Dominican Republic
1604
+8
🇩🇴 Vikings · Dominican Republic
1383
+16
🇩🇴 Khmer · Dominican Republic
1376
+16
🇩🇴 Goths · Dominican Republic
1369
+16
🇩🇪 Japanese · Germany
1411
-15
🇨🇳 Magyars · China
1403
-15
🇨🇳 Berbers · China
1372
-13
🇨🇳 Bengalis · China
1369
-13
Lambadaschnitte
6:26 Loom
11:04 Feudal Age
11:40 Man-at-Arms
12:45 Scale Mail Armor
16:16 Arson
20:44 Wheelbarrow
24:53 Castle Age
23:46 Fletching
25:20 Long Swordsman
26:13 Gambesons
26:22 Horse Collar
27:38 Squires
28:12 Chain Mail Armor
28:26 Heavy Plow
31:42 Forging
32:12 Gold Mining
32:13 Stone Mining
32:58 Double-Bit Axe
39:45 Gold Shaft Mining
39:22 Pikeman
41:03 Iron Casting
40:35 Bodkin Arrow
42:54 Sanctity
我是D头大哥
1:13 Loom
10:30 Feudal Age
17:29 Castle Age
18:11 Double-Bit Axe
18:07 Horse Collar
21:03 Man-at-Arms
21:29 Gambesons
22:15 Forging
22:05 Scale Mail Armor
22:13 Scale Barding Armor
23:10 Gold Mining
24:14 Scale Barding Armor
25:12 Forging
25:56 Gold Mining
28:41 Iron Casting
29:00 Chain Barding Armor
35:21 Imperial Age
34:53 Paiks
37:35 Plate Barding Armor
38:01 Blast Furnace
39:16 Gold Shaft Mining
39:08 Scale Mail Armor
38:39 Man-at-Arms
39:04 Gambesons
40:25 Conscription
39:37 Long Swordsman
41:05 Chain Mail Armor
40:44 Two-Handed Swordsman
41:55 Champion
45:28 Arson
45:44 Squires
45:41 Pikeman
不会进攻
2:16 Loom
4:22 Loom
9:38 Feudal Age
10:55 Double-Bit Axe
13:47 Wheelbarrow
14:07 Fletching
15:27 Padded Archer Armor
22:58 Castle Age
20:48 Horse Collar
21:58 Gold Mining
23:04 Crossbowman
23:50 Thumb Ring
23:42 Bodkin Arrow
37:35 Ballistics
Safari
7:13 Loom
9:29 Feudal Age
10:04 Double-Bit Axe
15:14 Scale Barding Armor
15:30 Horse Collar
18:12 Bloodlines
20:47 Wheelbarrow
24:56 Castle Age
23:17 Gold Mining
25:22 Light Cavalry
26:05 Husbandry
32:10 Chain Barding Armor
37:23 Heavy Plow
45:30 Imperial Age
44:40 Bow Saw
RD | Nfasis
8:11 Loom
11:44 Feudal Age
14:36 Castle Age
12:51 Double-Bit Axe
13:51 Loom
14:02 Gold Mining
16:52 Bloodlines
16:42 Husbandry
22:11 Bow Saw
26:47 Forging
26:29 Horse Collar
28:30 Iron Casting
31:40 Scale Barding Armor
35:19 Chain Barding Armor
39:58 Gold Shaft Mining
45:08 Imperial Age
45:17 Cavalier
47:02 Blast Furnace
46:45 Plate Barding Armor
RD | Lina
3:07 Loom
11:03 Feudal Age
11:07 Champi Runner
12:27 Double-Bit Axe
23:11 Scale Mail Armor
23:21 Forging
26:15 Castle Age
24:44 Scale Mail Armor
25:39 Fletching
25:50 Arson
28:22 Squires
27:46 Champi Warrior
28:37 Forging
34:46 Bodkin Arrow
45:41 Imperial Age
43:42 Horse Collar
43:54 Gold Mining
44:22 Bow Saw
45:12 Sanctity
RD | Omaradames
0:50 Loom
9:41 Feudal Age
11:11 Double-Bit Axe
11:08 Horse Collar
17:40 Castle Age
17:47 Stone Mining
18:38 Bow Saw
18:18 Town Watch
19:08 Wheelbarrow
18:55 Scale Mail Armor
19:15 Squires
21:52 Heavy Plow
22:17 Gold Mining
23:11 Forging
25:10 Anarchy
28:04 Fletching
28:26 Pikeman
30:32 Chain Mail Armor
32:46 Iron Casting
32:58 Bodkin Arrow
37:57 Imperial Age
41:47 Conscription
43:58 Blast Furnace
45:02 Halberdier
47:00 Bracer
RD | Tu Real Trump
1:48 Loom
9:17 Feudal Age
9:36 Man-at-Arms
10:20 Double-Bit Axe
12:43 Town Watch
12:46 Horse Collar
20:29 Castle Age
19:33 Scale Mail Armor
20:32 Forging
20:41 Long Swordsman
21:52 Chain Mail Armor
21:31 Gambesons
23:21 Squires
34:24 Heavy Plow
34:37 Bow Saw
36:16 Iron Casting
36:42 Chieftains
42:35 Imperial Age
42:10 Arson
43:47 Conscription
42:55 Elite Berserk
45:21 Plate Mail Armor
47:45 Blast Furnace
47:33 Hoardings
Connection lost

Rejoining the realm…

Still unreachable

The connection could not be restored.

Session expired

The server has moved on; the page needs a fresh start.